 Dungeon Crawl Stone Soup version 0.30-a0-377-g5cb311bc9f (webtiles) character file.

Game seed: 2107064931813068717

25 KennySheep the Shooter (level 2, -6/24 HPs)
             Began as a Demigod Hunter on Nov 29, 2022.
             Mangled by a worm (9 damage)
             ... on level 2 of the Dungeon.
             The game lasted 00:00:44 (610 turns).

KennySheep the Shooter (Demigod Hunter)              Turns: 610, Time: 00:00:45

Health: -6/24      AC:  3    Str: 12    XL:     2   Next: 66%
Magic:  4/4        EV: 12    Int: 11    God:
Gold:   58         SH:  0    Dex: 17    Spells: 1/1 levels left

rFire   . . .      SeeInvis .    a - +0 shortbow
rCold   . . .      Faith    .    (shield currently unavailable)
rNeg    . . .      Spirit   .    c - +0 leather armour
rPois   .          Reflect  .    (no helmet)
rElec   .          Harm     .    (no cloak)
rCorr   .          Rampage  .    (no gloves)
Will    .....                    (no boots)
Stlth   ++........               (no amulet)
HPRegen 0.24/turn                (no ring)
MPRegen 0.09/turn                (no ring)

@: no status effects
A: high MP 1, forlorn, divine attributes
a: no special abilities


You were on level 2 of the Dungeon.
You visited 1 branch of the dungeon, and saw 2 of its levels.

You collected 58 gold pieces.

Inventory:

Hand Weapons
 a - a +0 shortbow (weapon)
Armour
 c - a +0 leather armour (worn)
Scrolls
 b - a scroll of immolation
 d - 2 scrolls of enchant weapon {unknown}
 i - 2 scrolls of identify {unknown}
 j - a scroll of magic mapping {unknown}
Potions
 e - a potion of lignification {unknown}
 f - 2 potions of degeneration {unknown}
 g - 2 potions of mutation {unknown}
 h - a potion of heal wounds {unknown}


   Skills:
 - Level 1.7 Fighting
 * Level 4.2 Ranged Weapons
 + Level 2.2 Dodging
 - Level 0.8 Stealth


You had one spell level left.
You didn't know any spells.
Your spell library contained the following spells:

 Spells                   Type           Power      Damage    Failure   Level
 Kiss of Death            Conj/Necr      0%         2d5       41%         1
 Confusing Touch          Hex            0%         N/A       80%         3
 Dispel Undead            Necr           0%         3d6       99%         4


Dungeon Overview and Level Annotations

Branches:
Dungeon (2/15)


Innate Abilities, Weirdness & Mutations

You have an increased reservoir of magic. (+10% MP)
You shall have no god before yourself.
Your divine heritage dramatically boosts your attributes as you level up.


Message History

You shoot an arrow. The arrow barely misses the worm.
The arrow hits the worm!
The worm is heavily wounded.
You shoot an arrow. The arrow hits the worm.
The worm is lightly wounded.
You shoot an arrow.
The arrow hits the worm but does no damage.
The worm is lightly wounded.
You shoot an arrow. The arrow hits the worm.
The worm is heavily wounded.
You shoot an arrow. The arrow barely misses the worm.
The arrow hits the worm.
The worm is heavily wounded.
You shoot an arrow.
The arrow hits the worm but does no damage.
The worm is moderately wounded.
The worm bites you!
You shoot an arrow. The arrow hits the worm.
The worm is heavily wounded.
You shoot an arrow. The arrow hits the worm.
The worm is severely wounded.
The worm misses you.
You shoot an arrow. The arrow hits the worm!
You kill the worm!
You shoot an arrow. The arrow hits the worm!
The worm is severely wounded.
The worm misses you.
You shoot an arrow. The arrow barely misses the worm.
The arrow hits the worm.
The worm is moderately wounded.
You shoot an arrow. The arrow hits the worm.
The worm is severely wounded.
The worm bites you!
You shoot an arrow. The arrow hits the worm.
The worm is severely wounded.
The worm bites you!
* * * LOW HITPOINT WARNING * * *
You shoot an arrow. The arrow hits the worm.
You kill the worm!
You shoot an arrow. The arrow hits the worm.
The worm is moderately wounded.
The worm bites you!
You die...

.....# #.#..######## ...
..# ###........†. ..##.#
#........... ..#.###
##........... #.....
............. ..w.###
###+#.##.####### ....?#
#.##.# #.########..#.##..
#....#####..@w........w....
##.........#######..#....#.
#..................# .#...
#.........#######..# .. .
#.........##### #..# ##
#.............# #..#
#.........##### #...
#........## ##.# #........#
.#


You could see a worm.

Vanquished Creatures
  3 worms (D:2)
  3 endoplasms
  A goblin (D:1)
  A hobgoblin (D:1)
  A quokka (D:1)
  2 ball pythons
  3 bats
  3 frilled lizards
  A rat (D:1)
18 creatures vanquished.

Notes
Turn   | Place    | Note
-------+----------+-------------------------------------------
     0 | D:1      | KennySheep the Demigod Hunter began the quest for the Orb.
     0 | D:1      | Reached XP level 1. HP: 17/17 MP: 3/3
   489 | D:1      | Reached XP level 2. HP: 24/24 MP: 4/4
   519 | D:2      | Reached skill level 4 in Ranged Weapons
   610 | D:2      | Mangled by a worm

Illustrated notes

Levels and vault maps discovered:
D:1:      zelgadis_glass_arrival_small, layout_loops_cross
D:2:      layout_basic, ebering_ecumenical_altar_box, minivault_4

Skill      XL: |  1  2 |
---------------+-------+-----
Dodging        | 2 |  2.2
Ranged Weapons | 4 |  4.2
Fighting       | |  1.7
Stealth        | |  0.8

Action                   || total
-------------------------++-------
 Fire: Shortbow          ||    51
Armor: Leather armour    ||     1
Dodge: Dodged            ||     9

Table legend: (Time is in decaauts)
 A = Elapsed time spent in this place.
 B = Non-inter-level travel time spent in this place.
 C = Inter-level travel time spent in this place.
 D = Time resting spent in this place.
 E = Time spent auto-exploring this place.
 F = Levels seen in this place.
 G = Mean time per level.
                   A        B        C        D        E       F      G
               +--------+--------+--------+--------+--------+-----+--------+
         Total |    627 |    607 |     20 |      0 |    499 |   2 |  313.5 |
       Dungeon |    627 |    607 |     20 |      0 |    499 |   2 |  313.5 |
               +--------+--------+--------+--------+--------+-----+--------+

Top non-repeatable levels by time:
     D:1: 518 daAuts
     D:2: 109 daAuts
